 Dungeon Crawl Stone Soup version 0.20-a0-940-g1ecfa5a (webtiles) character file.

10177 Rrauwl the Fighter (level 11, -4/92 (93) HPs)
             Began as a Barachi Artificer on Mar 31, 2017.
             Was an Elder of Okawaru.
             Slain by a tentacled starspawn (14 damage)
             ... on level 1 of the Abyss.
             The game lasted 01:05:32 (14271 turns).

Rrauwl the Fighter (Barachi Artificer)             Turns: 14271, Time: 01:05:33

HP:   -4/92 (93)    AC: 17    Str: 21    XL:     11   Next: 58%
MP:   16/18         EV: 13    Int: 11    God:    Okawaru [****..]
Gold: 606           SH:  0    Dex: 13    Spells: 10/10 levels left

rFire    + + .     SeeInvis .   k - staff of cold
rCold    + . .     Gourm    .   (no shield)
rNeg     + . .     Faith    .   C - +0 chain mail {rF+}
rPois    +         Spirit   .   (no helmet)
rElec    +         Reflect  .   s - +0 cloak
rCorr    .         Harm     .   j - +0 pair of gloves
MR       .....                  (no boots)
Stlth    ..........             (no amulet)
Regen    0.0/turn               y - ring of Rafanuot {rElec rPois rN+ Str+4}
MPRegen  0.2/turn               r - ring of protection from fire

@: heroism, can't hop, non-regenerating, mildly diseased, slow
A: +LOS, swims, slowness 1, strong legs 1
a: Hop, Heroism, Renounce Religion


You were on level 1 of the Abyss.
You worshipped Okawaru.
Okawaru was greatly pleased with you.
You were not hungry.

You visited 2 branches of the dungeon, and saw 11 of its levels.
You visited the Abyss 1 time.

You collected 606 gold pieces.

Inventory:

Armour
 j - a +0 pair of gloves (worn)
 s - a +0 cloak (worn)
 C - a +0 chain mail of fire resistance (worn)
Magical Staves
 k - an uncursed staff of cold (weapon)
Jewellery
 o - a +2 ring of evasion
 r - a ring of protection from fire (right hand)
 w - an uncursed ring of positive energy
 y - the ring of Rafanuot (left hand) {rElec rPois rN+ Str+4}
   (You found it on level 8 of the Dungeon)

   [ring of positive energy]

   It affects your strength (+4).
   It insulates you from electricity.
   It protects you from poison.
   It protects you from negative energy.
Wands
 a - a wand of random effects (0/48)
 c - a wand of flame (0/48)
 d - a wand of enslavement (4/24)
 e - a wand of random effects (7/48)
 h - a wand of lightning (0/15)
 i - a wand of enslavement (13/24)
 m - a wand of flame (0/48)
 t - a wand of acid (0/15)
 x - a wand of acid (0/15)
 A - a wand of lightning (0/15)
 D - a wand of iceblast (1/15)
Scrolls
 b - a scroll of immolation
 g - 3 scrolls of remove curse
 n - a scroll of amnesia
 p - 8 scrolls of teleportation
 q - 4 scrolls of magic mapping
 u - 3 scrolls of identify
Potions
 l - a potion of magic
 v - 2 potions of curing
 B - a potion of brilliance
Miscellaneous
 z - a lamp of fire (inert)
Comestibles
 f - 5 bread rations
 E - 8 chunks of flesh


   Skills:
 + Level 11.1(16.1) Fighting
   Level 1.1(6.1) Short Blades
 + Level 6.6(11.6) Staves
 + Level 10.8(15.8) Armour
 + Level 4.0(9.0) Dodging
 - Level 0.8(5.8) Stealth
 + Level 3.7 Invocations
 + Level 10.5 Evocations


You had 10 spell levels left.
You didn't know any spells.

Dungeon Overview and Level Annotations

Branches:
Dungeon (10/15)            Temple (1/1) D:5
   Lair: D:8-11         Orc: D:9-12

Altars:
Ashenzari
Cheibriados
Dithmenos
Elyvilon
Fedhas
Gozag
Hepliaklqana
Kikubaaqudgha
Makhleb
Nemelex Xobeh
Okawaru
Qazlal
Ru
Sif Muna
Trog
Uskayaw
Vehumet
Wu Jian
Xom
Yredelemnul
Zin
The Shining One

Shops:
D:9 *

Annotations:
D:10 Erolcha


Innate Abilities, Weirdness & Mutations

Shadows flee at your approach. (+LOS)
You can swim through water.
You cover ground slowly.
You can hop short distances.


Message History

Okay, then.
Evoke which item? (* to show all) (? for menu, Esc to quit)
Aiming: Random Effects
Press: ? - help, Shift-Dir - straight line, f/p - tentacled starspawn
Aim: a tentacled starspawn (moderately damaged)
The tentacled starspawn flickers and vanishes!
Deactivating autopickup; reactivate with Ctrl-A.
This wand has 7 charges left.
Something bites you! Something engulfs you!
* * * LOW HITPOINT WARNING * * *
Unknown command.
Hop to where?
Press: ? - help, Dir - move target cursor Boing!
An ice devil comes into view.
Tentacles burst from the starspawn's body! 2 starspawn tentacles come into view.
Something bites you!
* * * LOW HITPOINT WARNING * * *
Something engulfs you!
You die...

# . . # # #. # #. #. ...
. # #. ... .. #.#... .#
##. #.... ##########
#..#.##....#####.........
# ..#..#..4...........
... . .......#.#@........
. . #.######.#.......#. .
.. . #ยง.#......... ..#
####......... # ..
#......... .# #.........
# #......... ...##
#....#.... ....
#..#......


You could see an ice devil.

Vanquished Creatures
  2 two-headed ogres
  The ghost of Mulkerokala the Slicer, a novice HuHu of Elyvilon (D:9)
  A sixfirhy (Abyss:1)
  Maurice (D:9)
  An orange demon (Abyss:1)
  Psyche (D:9)
  A troll (D:9)
  Grinder (D:3)
  2 raiju (Abyss:1)
  A hippogriff (D:8)
  A wyvern (D:5)
  A hungry ghost (D:8)
  Menkaure (D:6)
  Duvessa (D:7)
  5 orc warriors
  A hornet zombie (D:10)
  2 necrophages
  5 ogres
  2 phantoms
  4 wolves (D:10)
  6 centaurs
  A crocodile (D:9)
  2 big kobolds
  7 bullfrogs
  Dowan (D:7)
  7 scorpions
  10 killer bees
  8 wights
  3 crimson imps
  A bullfrog zombie (D:6)
  5 hounds
  6 orc priests
  A bullfrog skeleton (D:7)
  Jessica (D:3)
  Terence (D:2)
  3 iguanas
  6 orc wizards
  5 worker ants
  A howler monkey zombie (D:7)
  3 gnolls (D:2)
  10 adders
  2 shadow imps
  2 oozes
  An adder skeleton (D:8)
  6 worms
  A dart slug (D:4)
  4 leopard geckos
  31 orcs
  2 ball pythons
  4 giant cockroaches
  9 goblins
  2 hobgoblins
  2 jackals (D:3)
  9 quokkas
  6 bats
  5 frilled lizards
  A jackal skeleton (D:7)
  8 kobolds
  6 rats
224 creatures vanquished.

Vanquished Creatures (collateral kills)
  2 ancient zymes (Abyss:1)
  A water moccasin skeleton (D:8)
  A bullfrog zombie (D:8)
  An orc priest (D:3)
  A hound (D:8)
  An orc wizard (D:8)
  2 shadow imps (D:8)
  6 orcs
  A jackal (D:3)
16 creatures vanquished.

Vanquished Creatures (others)
  2 raiju (Abyss:1)
  A wight (D:9)
  An orc wizard (D:8)
  An adder (D:2)
  An orc (D:10)
  A bat (D:1)
  2 quokkas
  4 starspawn tentacles (Abyss:1)
13 creatures vanquished.

Grand Total: 253 creatures vanquished

Notes
Turn   | Place    | Note
-------+----------+-------------------------------------------
     0 | D:1      | Rrauwl the Barachi Artificer began the quest for the Orb.
     0 | D:1      | Reached XP level 1. HP: 15/15 MP: 3/3
   128 | D:1      | Reached XP level 2. HP: 15/21 MP: 4/4
   254 | D:1      | Reached skill level 2 in Fighting
   866 | D:1      | Reached XP level 3. HP: 27/27 MP: 5/5
  1052 | D:2      | Reached skill level 1 in Armour
  1597 | D:2      | Reached XP level 4. HP: 22/34 MP: 7/7
  1668 | D:2      | Noticed Terence
  1671 | D:2      | Reached skill level 3 in Fighting
  1689 | D:2      | Killed Terence
  1976 | D:2      | Reached XP level 5. HP: 38/41 MP: 8/8
  1997 | D:2      | Found a hazy altar of Hepliaklqana.
  2347 | D:3      | Reached skill level 4 in Fighting
  2521 | D:3      | Noticed Grinder
  2533 | D:3      | Killed Grinder
  2533 | D:3      | Reached skill level 5 in Evocations
  2533 | D:3      | Reached XP level 6. HP: 42/50 MP: 8/10
  2703 | D:3      | Found a bloodstained altar of Trog.
  2747 | D:3      | Found an ancient bone altar of Kikubaaqudgha.
  2750 | D:3      | Found a blossoming altar of Fedhas.
  2787 | D:3      | Reached skill level 5 in Fighting
  2803 | D:3      | Noticed Jessica
  3211 | D:3      | Killed Jessica
  3211 | D:3      | Reached XP level 7. HP: 56/56 MP: 11/11
  4107 | D:4      | Found a snail-covered altar of Cheibriados.
  4474 | D:4      | Reached skill level 5 in Armour
  4733 | D:5      | Entered Level 5 of the Dungeon
  4738 | D:5      | Noticed a wyvern
  4754 | D:5      | HP: 2/57 [wyvern (10)]
  4757 | D:5      | Killed a wyvern
  4757 | D:5      | Reached skill level 6 in Fighting
  5050 | D:5      | Found a staircase to the Ecumenical Temple.
  5055 | Temple   | Entered the Ecumenical Temple
  5235 | Temple   | Became a worshipper of Warmaster Okawaru
  5370 | D:5      | Reached XP level 8. HP: 28/64 MP: 12/12
  6496 | D:5      | HP: 3/65 [scorpion (4)]
  6859 | D:6      | Reached skill level 7 in Fighting
  7070 | D:6      | Reached * piety under Okawaru
  7165 | D:6      | Noticed Menkaure
  7181 | D:6      | Killed Menkaure
  7639 | D:6      | Reached XP level 9. HP: 70/74 MP: 14/14
  7764 | D:7      | Reached skill level 8 in Fighting
  7968 | D:7      | Noticed Duvessa
  7974 | D:7      | Noticed Dowan
  7981 | D:7      | Killed Duvessa
  7987 | D:7      | Killed Dowan
  8384 | D:7      | Reached skill level 1 in Staves
  8581 | D:7      | Reached ** piety under Okawaru
  9273 | D:8      | Reached skill level 9 in Fighting
  9303 | D:8      | Got a brightly glowing gossamer ring
  9318 | D:8      | Noticed a two-headed ogre
  9403 | D:8      | Killed a two-headed ogre
  9403 | D:8      | Reached XP level 10. HP: 56/82 MP: 16/16
  9697 | D:9      | Noticed Mulkerokala's ghost (novice HuHu)
  9709 | D:9      | Reached *** piety under Okawaru
 10068 | D:8      | Identified the ring of Rafanuot {rElec rPois rN+ Str+4} (You found it on level 8 of the Dungeon)
 10360 | D:8      | Noticed a two-headed ogre
 10617 | D:9      | Found an ornate altar of the Wu Jian Council.
 10899 | D:9      | Found Utageong's Demolitions Depot.
 11394 | D:9      | Reached skill level 10 in Fighting
 11725 | D:9      | Reached skill level 10 in Armour
 11750 | D:9      | Noticed a two-headed ogre
 11754 | D:9      | Reached skill level 1 in Invocations
 11757 | D:9      | Killed a two-headed ogre
 11757 | D:9      | Reached **** piety under Okawaru
 11757 | D:9      | Received a gift from Okawaru
 11757 | D:9      | Reached skill level 5 in Staves
 12049 | D:9      | Reached skill level 10 in Evocations
 12066 | D:9      | Noticed Psyche
 12083 | D:9      | Killed Psyche
 12399 | D:9      | Reached XP level 11. HP: 89/91 MP: 18/18
 12499 | D:9      | Found a glowing silver altar of Zin.
 12499 | D:9      | Found a hide-covered altar of Uskayaw.
 12567 | D:9      | Found a glowing golden altar of the Shining One.
 12721 | D:9      | Noticed Maurice
 12775 | D:9      | Killed Maurice
 13065 | D:9      | Killed Mulkerokala's ghost
 13306 | D:10     | Entered Level 10 of the Dungeon
 13378 | D:10     | Found a shimmering altar of Xom.
 14102 | D:10     | Noticed Erolcha
 14122 | D:10     | Cast into level 1 of the Abyss (Erolcha)
 14191 | Abyss:1  | Noticed a sixfirhy
 14201 | Abyss:1  | Killed a sixfirhy
 14201 | Abyss:1  | Reached skill level 11 in Fighting
 14265 | Abyss:1  | Noticed a tentacled starspawn
 14271 | Abyss:1  | Slain by a tentacled starspawn

Vault maps used:
D:1:      shiori_arrival_oz
D:2:      old_standard_altar, uniq_terence
D:3:      grunt_temple_overflow_growth_and_decay, bloody_trog, uniq_jessica,
          uniq_grinder
D:4:      kennysheep_slug_shrine, first_bread
D:5:      temple_doors_e, corexii_shack
D:6:      kennysheep_small_spiral, uniq_menkaure
D:7:      uniq_duvessa
D:9:      lemuel_crystal_altar, gammafunk_temple_overflow_elements,
          old_standard_altar, nicolae_blasting_shop, uniq_maurice, uniq_psyche
D:10:     erik_lair_island, orc_0_dummy, basic_altar, uniq_erolcha
Temple:   nicolae_temple_figure_eight

Skill      XL: |  1  2  3  4  5  6  7  8  9 10 11 |
---------------+----------------------------------+-----
Fighting       | 2 3 4 5 6 7 9 10 11 | 11.1
Armour         | 1 2 4 5 7 9 10 | 10.8
Evocations     | 4 5 6 7 9 10 | 10.5
Staves         | 3 5 6 |  6.6
Invocations    | 2 3 |  3.7
Dodging        | 4 |  4.0
Short Blades   | |  1.1
Stealth        | |  0.8

Action                   |  1- 3 |  4- 6 |  7- 9 | 10-12 || total
-------------------------+-------+-------+-------+-------++-------
Melee: Short sword       |    55 |       |       |       ||    55
       Mace              |   107 |   151 |   392 |       ||   650
       Staff             |       |       |   116 |   756 ||   872
       Rapier            |       |       |    45 |       ||    45
       Punch             |       |       |     1 |    14 ||    15
Throw: Tomahawk          |       |       |       |     2 ||     2
Invok: Heroism           |       |       |     6 |    31 ||    37
 Abil: Hop               |       |       |     1 |     6 ||     7
Evoke: Wand              |     2 |    19 |    19 |    52 ||    92
       Lamp of fire      |       |       |       |     1 ||     1
  Use: Potion            |       |     3 |     7 |     2 ||    12
       Scroll            |       |       |    13 |     3 ||    16
 Stab: Paralysed         |       |       |    10 |     7 ||    17
       Confused          |       |       |       |     2 ||     2
  Eat: Chunk             |     3 |     6 |     5 |     6 ||    20
       Meat ration       |       |       |     2 |     1 ||     3
       Royal jelly       |       |       |     1 |     1 ||     2
       Fruit             |       |       |     7 |       ||     7
       Bread ration      |       |       |       |     1 ||     1
Armor: Leather armour    |    22 |       |       |       ||    22
       Chain mail        |    80 |    97 |   326 |   370 ||   873
       Skin              |       |     6 |     1 |    56 ||    63
Dodge: Dodged            |   113 |    94 |   320 |   339 ||   866
